 Dungeon Crawl Stone Soup version 0.31-a0-978-g1e143483b6 (webtiles) character file.

Game seed: 9537659689986126365

3218 monsoonserge the Grappler (level 9, -5/62 HPs)
             Began as a Merfolk Shapeshifter on Oct 31, 2023.
             Was a Believer of Nemelex Xobeh.
             Slain by Joseph
             ... wielding a +0 quarterstaff
              (17 damage)
             ... on level 8 of the Dungeon.
             The game lasted 00:22:51 (7611 turns).

monsoonserge the Grappler (Merfolk Shapeshifter)    Turns: 7611, Time: 00:22:52

Health: -5/62      AC:  5    Str: 19    XL:     9   Next: 97%
Magic:  12/12      EV: 17    Int:  9    God:    Nemelex Xobeh [**....]
Gold:   525        SH:  0    Dex: 13    Spells: 8/8 levels left

rFire   + .          .
                       - Unarmed
rCold   + . .        (shield currently unavailable)
rNeg    + . .        e - +0 ring mail
rPois   .            (no helmet)
rElec   .            M - scarf {rC+ rF+}
rCorr   .            (no gloves)
SInv    .            (no boots)
Will    .....        K - amulet of magic regeneration
Stlth   +            p - +5 ring of evasion
HPRegen 0.30/turn    P - ring of positive energy
MPRegen 0.53/turn

%: no passive effects
@: flux-form, glowing
A: glow, contaminating, (nimble swimmer 2), mertail
a: Begin Untransformation, Renounce Religion, Draw Escape, Draw Destruction,
Draw Summoning


You were on level 8 of the Dungeon.
You worshipped Nemelex Xobeh.
Nemelex Xobeh was pleased with you.
You were something dangerously unstable.
You visited 1 branch of the dungeon, and saw 8 of its levels.

You collected 525 gold pieces.

Inventory:

Hand Weapons
 G - a +0 arbalest
Missiles
 x - a boomerang
 B - 31 poisoned darts (quivered)
 C - 5 curare-tipped darts
 D - 17 javelins
Armour
 a - a +0 animal skin
 e - a +0 ring mail (worn)
 t - a +0 scale mail
 M - a scarf of resistance (worn)
 R - a +0 chain mail
Jewellery
 p - a +5 ring of evasion (left hand)
 A - a +6 ring of dexterity
 J - a +6 ring of dexterity
 K - an amulet of magic regeneration (around neck)
 P - a ring of positive energy (right hand)
 Q - a ring of flight
Talismans
 c - a beast talisman
 d - a flux talisman (active)
 r - a serpent talisman
Wands
 w - a wand of iceblast (4)
 y - a wand of flame (18)
 O - a wand of paralysis (5)
Scrolls
 b - a scroll of blinking {unknown}
 g - 2 scrolls of immolation {unknown}
 i - 5 scrolls of identify {unknown}
 n - 6 scrolls of enchant weapon {unknown}
 o - 3 scrolls of teleportation {unknown}
 q - 2 scrolls of noise {unknown}
 s - 3 scrolls of fear {unknown}
 u - 4 scrolls of summoning {unknown}
 v - 2 scrolls of amnesia {unknown}
 E - a scroll of torment {unknown}
 H - a scroll of silence {unknown}
 N - a scroll of poison {unknown}
Potions
 f - 2 potions of curing {unknown}
 h - a potion of haste {unknown}
 j - a potion of degeneration {unknown}
 k - 3 potions of heal wounds {unknown}
 l - 3 potions of cancellation {unknown}
 m - a potion of attraction {unknown}
 z - a potion of enlightenment {unknown}
 F - 2 potions of brilliance {unknown}
 I - a potion of lignification
 L - a potion of might {unknown}


   Skills:
 + Level 2.4 Fighting
 + Level 2.7 Armour
 + Level 4.5 Dodging
 + Level 1.3 Stealth
 * Level 11.6 Unarmed Combat
 * Level 4.2 Invocations
 * Level 8.1 Shapeshifting


You had 8 spell levels left.
You didn't know any spells.
Your spell library contained the following spells:

 Spells                   Type           Power      Damage    Failure   Level
 Apportation              Tloc           0%         N/A       56%         1
 Necrotise                Necr           0%         1d4       56%         1
 Summon Small Mammal      Summ           0%         N/A       56%         1


Dungeon Overview and Level Annotations

Branches:
Dungeon (8/15)             Temple (0/1) D:6
   Lair: D:8-11

Altars:
Nemelex Xobeh
Okawaru
Qazlal
Uskayaw
Vehumet
Wu Jian
Yredelemnul

Annotations:
D:8 Joseph


Innate Abilities, Weirdness & Mutations

You are something dangerously unstable.
You glow with magical radiation, making you easy to see and hit.
Foes you strike become dangerously contaminated with magical radiation.
You are incapable of wielding weapons or throwing items.
((You are very nimble when in or above water. (Stealth+, EV+, Speed+++)))
Your lower body shifts to a powerful aquatic tail in water.


Message History

You hit the orc.
You kill the orc!
You punch the orc!
You kill the orc!
The orc closely misses you.
You punch the orc!
You kill the orc!
Joseph unwields a +0 quarterstaff.
Joseph wields a +0 sling.
Joseph shoots a sling bullet.
Okay, then.
Unknown command.
Something hits you but does no damage. The orc wizard casts a spell at you.
The magic dart hits you!
Joseph shoots a sling bullet.
Reactivating autopickup.
You hit the orc wizard.
The orc wizard begins to glow.
The orc wizard is lightly wounded.
The orc wizard hits you with a +0 dagger.
You hit the orc wizard.
The orc wizard glows dangerously bright.
The orc wizard is moderately wounded.
The orc wizard barely misses you.
You punch the orc wizard!
The orc wizard shudders as magic cascades through it!!
You kill the orc wizard!
Joseph unwields a +0 sling.
Joseph wields a +0 quarterstaff.
Joseph hits you with a +0 quarterstaff!
Things that are here:
a +0 dagger; a +0 robe You completely miss Joseph.
Joseph hits you with a +0 quarterstaff.
You hit Joseph but do no damage.
Joseph begins to glow.
Joseph says, "I'm happy to see you. And I'll be happy to kill you."
Joseph hits you with a +0 quarterstaff!!
* * * LOW HITPOINT WARNING * * *
Unknown command.
You hit Joseph.
Joseph glows dangerously bright.
Joseph is lightly wounded.
Joseph hits you with a +0 quarterstaff!
You die...
Your body disappears without additional glow.

########......#
#....# #......#
#....# #......#
###### #......#
#......# #####
#......###
#....
#........#
#....
#........#
#....
#...p@...#
#....
#####)...#
#.... #....#
####.... #....#
#....... #....#
#....### #....#
#....# #....#
#....# .....#
#....# .....#
#..†.#


You could see Joseph (heavy contam).

Vanquished Creatures
  Grinder (D:3)
  Sigmund (D:2)
  4 yaks (D:8)
  2 steam dragons (D:6)
  A water moccasin (D:6)
  A black bear (D:7)
  An ogre (D:6)
  2 centaurs (D:8)
  A phantom (D:6)
  3 kobold brigands
  2 bullfrogs (D:7)
  A scorpion (D:6)
  A howler monkey (D:7)
  2 centaur zombies (D:4)
  4 hounds
  2 jellies
  2 orc priests (D:8)
  Jessica (D:3)
  3 iguanas
  Terence (D:2)
  2 sleepcaps
  8 orc wizards
  2 hound zombies (D:4)
  14 gnolls
  10 adders
  2 white imps (D:5)
  2 ufetubi (D:5)
  An adder zombie (D:4)
  5 worms
  4 dart slugs
  22 orcs
  8 ball pythons
  8 bats
  8 endoplasms
  2 giant cockroaches
  8 goblins
  4 hobgoblins
  3 jackals (D:1)
  24 kobolds
  5 quokkas
  6 frilled lizards
  A rat (D:1)
185 creatures vanquished.

Vanquished Creatures (others)
  An orc wizard (D:8)
1 creature vanquished.

Grand Total: 186 creatures vanquished

Notes
Turn   | Place    | Note
-------+----------+-------------------------------------------
     0 | D:1      | monsoonserge the Merfolk Shapeshifter began the quest for
                  | the Orb.
     0 | D:1      | Reached XP level 1. HP: 15/15 MP: 1/1
   190 | D:1      | Reached XP level 2. HP: 17/21 MP: 2/2
   380 | D:1      | Reached skill level 4 in Unarmed Combat
   416 | D:1      | Reached XP level 3. HP: 26/26 MP: 3/3
   831 | D:2      | Noticed Sigmund
   860 | D:2      | HP: 1/39 [something/magic dart (7)]
   861 | D:2      | Killed Sigmund
   862 | D:2      | Reached skill level 5 in Unarmed Combat
   862 | D:2      | Reached skill level 5 in Shapeshifting
   862 | D:2      | Reached XP level 4. HP: 2/32 MP: 4/4
   862 | D:2      | Reached XP level 5. HP: 3/37 MP: 5/5
  1172 | D:2      | Reached XP level 6. HP: 33/43 MP: 6/6
  1343 | D:2      | Reached skill level 6 in Unarmed Combat
  1468 | D:2      | Noticed Terence
  1470 | D:2      | Found a radiant altar of Vehumet.
  1478 | D:2      | Killed Terence
  1723 | D:3      | Noticed Jessica
  1740 | D:3      | Killed Jessica
  2147 | D:3      | Noticed Grinder
  2151 | D:3      | Paralysed by Grinder for 4 turns
  2166 | D:3      | Reached skill level 1 in Armour
  2175 | D:3      | Paralysed by Grinder for 2 turns
  2195 | D:3      | Killed Grinder
  2196 | D:3      | Reached skill level 7 in Unarmed Combat
  2196 | D:3      | Reached XP level 7. HP: 38/48 MP: 7/7
  2373 | D:4      | Found an ornate altar of the Wu Jian Council.
  2401 | D:4      | Found an iron altar of Okawaru.
  2419 | D:4      | Reached skill level 8 in Unarmed Combat
  2726 | D:4      | Found a sparkling altar of Nemelex Xobeh.
  2798 | D:4      | Became a worshipper of Nemelex Xobeh the Trickster
  2990 | D:4      | Found a basalt altar of Yredelemnul.
  3001 | D:4      | Reached XP level 8. HP: 47/54 MP: 8/8
  3032 | D:4      | Reached skill level 1 in Stealth
  3162 | D:4      | Reached skill level 9 in Unarmed Combat
  3281 | D:5      | Entered Level 5 of the Dungeon
  3474 | D:5      | Found a radiant altar of Vehumet.
  3778 | D:5      | Reached * piety under Nemelex Xobeh
  3787 | D:5      | Reached skill level 1 in Invocations
  4511 | D:5      | Received a gift from Nemelex Xobeh
  4831 | D:6      | Reached skill level 10 in Unarmed Combat
  4855 | D:6      | Reached XP level 9. HP: 17/59 MP: 10/10
  5177 | D:6      | Found a hide-covered altar of Uskayaw.
  5370 | D:6      | Found a staircase to the Ecumenical Temple.
  5753 | D:7      | Reached ** piety under Nemelex Xobeh
  6403 | D:7      | Found a stormy altar of Qazlal.
  6685 | D:8      | Reached skill level 11 in Unarmed Combat
  7596 | D:8      | Noticed Joseph
  7611 | D:8      | Slain by Joseph

Illustrated notes

Levels and vault maps discovered:
D:1:      noname_arrival_rooms_in_the_neighbourhood, layout_basic,
          corexii_leaking_fountain
D:2:      layout_rooms, basic_altar, uniq_terence, uniq_sigmund
D:3:      layout_basic, uniq_grinder, uniq_jessica
D:4:      minmay_angry_zag, layout_loops_ring, nemelex_dance_club_becter,
          nicolae_yredelemnul_corpse_copse, mainiacjoe_overflow_large_starburst
D:5:      layout_loops_ring, mainiacjoe_overflow_chevrons,
          serial_co_window_serial, co_window_paths_a,
          co_window_of_opportunity_a, co_window_paths_a, co_window_paths_b,
          co_window_corner_a, co_window_paths_c, co_window_of_opportunity_c,
          co_window_unsneaky_path_e, co_window_corner_b, glass_columns_a,
          glass_columns_c, glass_columns_a, minmay_misc_feat_enclosed,
          sigmund_army
D:6:      layout_loops_ring, kennysheep_mini_moat,
          minmay_temple_entry_water_ring
D:7:      layout_loops_ring, kennysheep_mini
D:8:      layout_basic, uniq_joseph

Skill      XL: |  1  2  3  4  5  6  7  8  9 |
---------------+----------------------------+-----
Unarmed Combat | 4 5 7 8 10 11 | 11.6
Dodging        | 3 4 |  4.5
Shapeshifting  | 5 6 8 |  8.1
Armour         | 1 2 |  2.7
Stealth        | 1 |  1.3
Invocations    | 2 4 |  4.2
Fighting       | 2 |  2.4

Action                     |  1- 3 |  4- 6 |  7- 9 || total
---------------------------+-------+-------+-------++-------
  Melee: Unarmed           |    65 |   107 |   393 ||   565
         Punch             |     2 |     3 |     5 ||    10
         Tailslap          |       |       |     1 ||     1
 Invoke: Draw Destruction  |       |       |     2 ||     2
Ability: Begin Untransform |       |       |     1 ||     1
    Use: Potion            |     1 |       |       ||     1
 Armour: Animal skin       |     6 |       |       ||     6
         Ring mail         |    31 |    34 |   178 ||   243
         Skin              |     3 |       |       ||     3
  Dodge: Dodged            |    58 |    81 |   332 ||   471
   Form: Flux              |       |       |     1 ||     1

Table legend: (Time is in decaauts)
 A = Elapsed time spent in this place.
 B = Non-inter-level travel time spent in this place.
 C = Inter-level travel time spent in this place.
 D = Time resting spent in this place.
 E = Time spent auto-exploring this place.
 F = Levels seen in this place.
 G = Mean time per level.
                   A        B        C        D        E       F      G
               +--------+--------+--------+--------+--------+-----+--------+
         Total |   7532 |   7258 |    274 |    763 |   3961 |   8 |  941.5 |
       Dungeon |   7532 |   7258 |    274 |    763 |   3961 |   8 |  941.5 |
               +--------+--------+--------+--------+--------+-----+--------+

Top non-repeatable levels by time:
     D:5: 1329 daAuts
     D:4: 1069 daAuts
     D:8: 1048 daAuts
     D:1: 982 daAuts
     D:7: 920 daAuts
     D:6: 839 daAuts
     D:3: 676 daAuts
     D:2: 665 daAuts
